 Dungeon Crawl Stone Soup version 0.19-a0-1008-g4c63d25 (webtiles) character file.

81 mistymad the Skirmisher (level 4, -1/37 HPs)
             Began as a Formicid Abyssal Knight on July 22, 2016.
             Was a Believer of Lugonu.
             Killed by divine providence
             ... invoked by an orc priest
              (12 damage)
             ... on level 4 of the Dungeon.
             The game lasted 00:04:47 (3133 turns).

mistymad the Skirmisher (Formicid Abyssal Knight)   Turns: 3133, Time: 00:04:47

Health: -1/37      AC:  5    Str: 18    XL:     4   Next: 68%
Magic:  5/5        EV:  8    Int: 11    God:    Lugonu [**....]
Gold:   166        SH:  8    Dex: 10    Spells: 0 memorised, 3 levels left

rFire  . . .     SeeInvis +     a - +1 falchion
rCold  + . .     Gourm    .     o - +0 ring mail {rC+}
rNeg   . . .     Faith    .     e - +0 shield
rPois  +         Spirit   .     (helmet unavailable)
rElec  .         Dismiss  .     (no cloak)
rCorr  .         Reflect  .     (no gloves)
SustAt .         Harm     .     (no boots)
MR     .....                    (no amulet)
Stlth  ..........               (no ring)
                                k - ring of poison resistance

@: not resistant to hostile enchantments, extremely unstealthy
A: permanent stasis, dig shafts and tunnels, four strong arms, antennae 3
a: Dig, Shaft Self, Depart the Abyss, Bend Space, Renounce Religion


You were on level 4 of the Dungeon.
You worshipped Lugonu.
Lugonu was pleased with you.
You were very hungry.

You visited 1 branch of the dungeon, and saw 4 of its levels.
You visited the Abyss 1 time.

You collected 166 gold pieces.

Inventory:

Hand Weapons
 a - a +1 falchion (weapon)
Armour
 e - a +0 shield (worn)
 o - a +0 ring mail of cold resistance (worn)
Jewellery
 k - a ring of poison resistance (left hand)
Wands
 t - a wand of digging (13/24)
 u - a wand of acid (9/15)
Scrolls
 b - a scroll of noise {unknown}
 d - 2 scrolls of fog {unknown}
 f - a scroll of identify {unknown}
 g - a scroll of random uselessness {unknown}
 h - a scroll of recharging {unknown}
 j - 2 scrolls of teleportation {unknown}
 m - a scroll of amnesia {unknown}
Potions
 i - 2 potions of haste {unknown}
 l - 2 potions of invisibility {unknown}
 n - a potion of mutation {unknown}
 p - a potion of flight {unknown}
 q - a potion of berserk rage {unknown}
 r - a potion of lignification {unknown}
 s - 3 potions of heal wounds {unknown}
Comestibles
 c - 2 bread rations


   Skills:
 + Level 3.8 Fighting
 + Level 2.8 Long Blades
 + Level 3.4 Armour
 - Level 0.8 Dodging
 + Level 1.7 Shields
 - Level 2.1 Invocations


You had 3 spell levels left.
You didn't know any spells.

Dungeon Overview and Level Annotations

Branches:
Dungeon (4/15)
 Temple: D:4-7

Altars:
Xom


Innate Abilities, Weirdness & Mutations

You are under a permanent stasis effect.
You can dig through walls and to a lower floor.
Your four strong arms can wield two-handed weapons with a shield.
You have a pair of large antennae on your head. (SInv)


Message History

Found 3 gold pieces.
Your shield and ring mail prevent you from hitting the orc.
The orc hits you.
You take 1 damage, and have 36/37 hp.
You closely miss the orc.
The orc priest invokes the aid of Beogh against you.
Beogh smites you! You block the orc's attack.
You take 14 damage, and have 22/37 hp.
MASSIVE DAMAGE!!
You extend your mandibles.
You dig through the rock wall.
The orc priest mumbles some strange prayers to Beogh against you.
Beogh smites you!
* * * LOW HITPOINT WARNING * * *
You take 11 damage, and have 11/37 hp.
MASSIVE DAMAGE!!
You retract your mandibles.
You extend your mandibles.
You dig through the rock wall.
The orc priest mumbles some strange prayers to Beogh against you.
Beogh smites you!
You die...

...........#
..........# ###
##........#....
........o.....$
##.#..#...#
####..#....#.#
.....#o.#.# .#
#..#o.#.# #
#..@..#.# #..#..#.#
#### #..#..#.#
####...# #.......#
#......# ##.######
#......###.........
#......##.........#
...................
.####...##.........#


You could see an orc priest and 2 orcs.

Vanquished Creatures
  2 adders (D:2)
  An ooze (D:1)
  3 dart slugs
  3 giant geckos
  An orc (D:3)
  2 giant cockroaches (D:1)
  7 hobgoblins
  4 jackals
  A quokka (D:2)
  5 bats
  3 giant newts
  4 goblins
  8 kobolds
  4 rats
48 creatures vanquished.

Notes
Turn   | Place    | Note
-------+----------+-------------------------------------------
     0 | Abyss:1  | mistymad the Formicid Abyssal Knight began the quest for the Orb.
     0 | Abyss:1  | Reached XP level 1. HP: 18/18 MP: 2/2
    32 | Abyss:1  | Noticed a neqoxec
    32 | D:1      | Escaped the Abyss
   278 | D:1      | Reached XP level 2. HP: 22/24 MP: 3/3
   356 | D:1      | Reached * piety under Lugonu
   728 | D:1      | Reached XP level 3. HP: 21/29 MP: 4/4
  1039 | D:2      | Reached skill level 1 in Shields
  1532 | D:2      | Reached XP level 4. HP: 34/37 MP: 5/5
  2031 | D:3      | Reached ** piety under Lugonu
  2479 | D:4      | Found a shimmering altar of Xom.
  2511 | D:4      | Noticed an ogre
  2871 | D:4      | Noticed a phantom
  3133 | D:4      | Killed from afar by an orc priest

Vault maps used:
D:1:      dpeg_arrival_water_altar
D:2:      first_bread
D:3:      minmay_misc_feat_iff
D:4:      kennysheep_mini, serial_shops, nicolae_shop_trees, uniq_blork_the_orc

Skill      XL: |  1  2  3 |
---------------+----------+-----
Armour         | 3 |  3.4
Shields        | 1 |  1.7
Fighting       | |  3.8
Long Blades    | |  2.8
Dodging        | |  0.8
Invocations    | |  2.1

Action                   |  1- 3 |  4- 6 || total
-------------------------+-------+-------++-------
Melee: Falchion          |   110 |    63 ||   173
Invok: Depart the Abyss  |     1 |       ||     1
 Abil: Dig               |       |     3 ||     3
  Eat: Chunk             |     2 |     4 ||     6
Armor: Leather armour    |    23 |     7 ||    30
       Ring mail         |       |    13 ||    13
Dodge: Dodged            |    52 |    36 ||    88
Block: Shield            |       |     1 ||     1
